[Event "*** SCC Grand Prix: Titled Tuesday Blitz"]
[Site "Chess.com"]
[Date "2020.10.13"]
[Round "5"]
[White "ailime26"]
[Black "Sacbutt"]
[Result "0-1"]
[WhiteElo "1875"]
[BlackElo "2298"]
[TimeControl "180+1"]
[EndTime "10:56:57 PDT"]
[Termination "Sacbutt won by checkmate"]

1. e4 c5 2. Nf3 d6 3. d4 cxd4 4. Nxd4 Nf6 5. Nc3 a6 6. Be3 e5 7. Nb3 Be6 8. f3 Nbd7 9. Qd2 b5 10.
O-O-O Nb6 11. g4 Nc4 12. Qf2 Be7 13. h4 Nxe3 14. Qe2 O-O 15. Qxe3 b4 16. Nd5 Bxd5 17. exd5 a5 18. Kb1 a4 19. Nc1 Qa5 20. h5 Nxd5 21.
Qe4 Nf4 22. h6 g6 23. Bc4 Rad8 24. Bd5 Rc8 25. Rh2 Rc5 26. Rhd2 Rfc8 27. Ne2 Nxd5 28. Rxd5 a3 29. Rxc5 Qxc5 30. f4 axb2 31. fxe5 dxe5 32. Ng3 Bf8 33. Re1 Bxh6 34. Ne2 Bg7 35. Ng3 Qc3 36.
g5 Qc4 37. Qf3 Qf4 38. Qxf4 exf4 39. Ne4 h6 40. gxh6 Bxh6 41. Rf1 g5 42. Nf6+ Kg7 43.
Ng4 f5 44. Ne5 g4 45. Nd3 f3 46. Kxb2 Re8 47. Kb3 Re2 48. Rh1 g3 49. Rh3 g2 50.
Rg3+ Kf8 51. Kxb4 Be3 52. a4 g1=Q 53. Rxg1 Bxg1 54. a5 f2 55. a6 f1=Q 56. a7 Qb1+ 57. Kc4 Qa1 58. Kd5 Qxa7 59. c4 Qd7# 0-1

[Event "*** SCC Grand Prix: Titled Tuesday Blitz"]
[Site "Chess.com"]
[Date "2020.10.13"]
[Round "5"]
[White "As0nchess"]
[Black "eljanov"]
[Result "0-1"]
[WhiteElo "2622"]
[BlackElo "2858"]
[TimeControl "180+1"]
[EndTime "10:56:59 PDT"]
[Termination "eljanov won on time"]

1. e4 e5 2. Nf3 Nc6 3. Bc4 Bc5 4. O-O Nf6 5. d3 d6 6. c3 O-O 7. Re1 h6 8. h3 Bb6 9. Nbd2 Ne7 10. Bb3 c6 11. d4 Ng6 12. Nf1 exd4 13. Nxd4 d5 14.
exd5 Nxd5 15. Ne3 Ndf4 16. Qf3 Bxd4 17. cxd4 Qxd4 18. Nc4 Qf6 19. Qg3 Be6 20. Bd2 Rad8 21. Bc3 Qg5 22. Qxg5 hxg5 23. Rad1 Nh4 24. Ne3 Bxb3 25.
axb3 Rfe8 26. Kf1 Ne6 27. Nc4 Nc5 28. Rxe8+ Rxe8 29. b4 Na4 30. Rd7 Nb6 31. Nxb6 axb6 32. Rxb7 b5 33. Rc7 Re6 34. g3 Nf5 35. Kg2 Ne7 36. Kf3 f6 37. g4 Nd5 38. Rd7 Nf4 39.
h4 Nd5 40. hxg5 Nxc3 41. bxc3 fxg5 42. Rc7 Kh7 43. Kg3 Kg6 44. f3 Kf6 45. Kf2 g6 46.
Kg3 Ke5 47. Kf2 Kd5 48. Ra7 Kc4 49. Ra3 Kd3 50. Kg3 Kc2 51. Kf2 Kb2 52. Ra8 Kxc3 53.
Rd8 Kxb4 54. Rd4+ Kc3 55. Re4 Rxe4 56. fxe4 Kd4 0-1

[Event "*** SCC Grand Prix: Titled Tuesday Blitz"]
[Site "Chess.com"]
[Date "2020.10.13"]
[Round "5"]
[White "Kaslask"]
[Black "KonstantinB_1983"]
[Result "1-0"]
[WhiteElo "2274"]
[BlackElo "2476"]
[TimeControl "180+1"]
[EndTime "10:56:59 PDT"]
[Termination "Kaslask won on time"]

1. d4 Nf6 2. c4 b6 3. Nc3 Bb7 4. Nf3 d5 5. cxd5 Nxd5 6. Qa4+ Bc6 7. Qb3 e6 8. e3 Nxc3 9. bxc3 Bd6 10. a4 a6 11. Be2 O-O 12. Ba3 Nd7 13. O-O Re8 14. Rfb1 Qe7 15. c4 Be4 16. Rc1 a5 17. c5 bxc5 18.
dxc5 Bxc5 19. Bxc5 Nxc5 20. Qc4 Bxf3 21. Bxf3 Na6 22. Bxa8 Rxa8 23. Rab1 h5 24. Rb7 Qd6 25. h3 Rd8 26. Qb5 h4 27. Qxa5 Qd3 28. Qb5 Qd2 29. Rf1 Ra8 30. Qb2 Qd7 31. Rc1 Qxa4 32. Ra1 Qc6 33.
Rb3 Rd8 34. Rc3 Qd6 35. Qc1 c5 36. Rca3 Nb4 37. Ra8 Rxa8 38. Rxa8+ Kh7 39. Qb1+ g6 40. Qe4 Qe7 41. Rc8 Nd5 42. Rb8 Kg7 43. Qe5+ f6 44. Qb2 Kh6 45. Rb7 Qd6 46. Qd2 Qe5 47. e4+ Qf4 48.
Qxf4+ Nxf4 49. Rc7 Kg5 50. Rxc5+ e5 51. f3 Nd3 52.
Rc3 Nf4 53. Rc6 Ne2+ 54. Kf1 Nd4 55. Ra6 Nb5 56. Kf2 Nd4 57. Rb6 Nc2 58. g3 Nd4 59.
gxh4+ Kxh4 60. Rxf6 1-0

[Event "*** SCC Grand Prix: Titled Tuesday Blitz"]
[Site "Chess.com"]
[Date "2020.10.13"]
[Round "5"]
[White "LedakovAlexandr"]
[Black "IngOscarArdila"]
[Result "0-1"]
[WhiteElo "2457"]
[BlackElo "2165"]
[TimeControl "180+1"]
[EndTime "10:57:01 PDT"]
[Termination "IngOscarArdila won by resignation"]

1. d4 Nf6 2. Nf3 g6 3. Nc3 d5 4. Bf4 c6 5. h3 Bg7 6. e3 Bf5 7. g4 Be4 8. Bg2 Bxf3 9. Bxf3 Nbd7 10. Qd2 b5 11. O-O-O a5 12. g5 Ng8 13. e4 b4 14.
Na4 e6 15. Bd6 Ne7 16. Bxe7 Qxe7 17. exd5 cxd5 18. Bxd5 Rc8 19. f4 O-O 20. Bb3 Rfd8 21. Qe3 Qd6 22. Rd2 Nb6 23. Nxb6 Qxb6 24. Rhd1 Qa7 25.
Ba4 Rd5 26. Qe4 Rcd8 27. Bb3 Rxd4 28. Rxd4 Rxd4 29. Rxd4 Bxd4 30. Kb1 Qc5 31. Qd3 Qb6 32. Bc4 Kg7 33. a3 bxa3 34. Qxa3 h6 35. Ka2 hxg5 36.
fxg5 a4 37. h4 Be5 38. Bd3 Qd4 39. c3 Qxh4 40. Qxa4 Qxa4+ 41. Kb1 Qd1+ 42. Ka2 Qxd3 43. Ka3 Qc4 44. b3 Qg4 45. b4 Qxg5 46. Ka4 Qf6 47.
c4 Bc3 48. b5 Bd4 49. Kb4 Bc5+ 50. Kxc5 Qe7+ 51. Kb6 e5 52. c5 e4 53. c6 e3 54.
c7 Qd6+ 55. Kb7 Qd5+ 56. Kb8 Qxb5+ 57. Kc8 e2 58. Kd8 Qb6 59. Kd7 Qxc7+ 60. Kxc7 e1=Q 0-1

[Event "*** SCC Grand Prix: Titled Tuesday Blitz"]
[Site "Chess.com"]
[Date "2020.10.13"]
[Round "5"]
[White "chito89"]
[Black "sjam6687"]
[Result "1-0"]
[WhiteElo "2799"]
[BlackElo "2564"]
[TimeControl "180+1"]
[EndTime "10:57:03 PDT"]
[Termination "chito89 won by resignation"]

1. e4 e5 2. Nf3 Nc6 3. Bb5 a6 4. Ba4 Nf6 5. d3 d6 6. c4 Be7 7. Nc3 O-O 8. h3 Be6 9. Nd5 Na7 10. O-O b5 11. Bc2 c6 12. Nxe7+ Qxe7 13. cxb5 Nxb5 14. d4 exd4 15. Nxd4 Nxd4 16. Qxd4 Rfd8 17.
Bg5 Rac8 18. Rfd1 h6 19. Bh4 c5 20. Qc3 g5 21. Bg3 Nh5 22. Bh2 d5 23. exd5 Rxd5 24.
Rxd5 Bxd5 25. Re1 Be6 26. Qd3 Nf6 27. Qxa6 Rd8 28. Bb3 Nd5 29. Qc6 Nb4 30. Qc7 Qxc7 31. Bxc7 Rd2 32. Bxe6 fxe6 33. Rxe6 Rxb2 34. Rxh6 Rxa2 35.
Rg6+ Kf7 36. Rxg5 c4 37. Rc5 Rc2 38. Ba5 Nd3 39. Rc7+ Ke6 40. Bb6 c3 41. Be3 Kd6 42. Rc8 Ne5 43. Bf4 Kd7 44. Rxc3 Rxc3 45. Bxe5 Rc4 46. g4 Ke6 47. Bg3 Kf6 48. Kg2 Kg6 49.
Be5 Re4 50. Bc7 Rc4 51. Bb6 Rc3 52. Be3 Rd3 53. Kg3 Rd1 54. h4 Rg1+ 55. Kf4 Kf6 56. h5 Rg2 57. g5+ Ke6 58. Ke4 1-0

[Event "*** SCC Grand Prix: Titled Tuesday Blitz"]
[Site "Chess.com"]
[Date "2020.10.13"]
[Round "5"]
[White "dosto07"]
[Black "WiktoriaPOL"]
[Result "1-0"]
[WhiteElo "2333"]
[BlackElo "2059"]
[TimeControl "180+1"]
[EndTime "10:57:03 PDT"]
[Termination "dosto07 won on time"]

1. d4 Nf6 2. Nf3 g6 3. Bf4 Bg7 4. e3 O-O 5. Be2 d6 6. h3 Nbd7 7. Bh2 Qe8 8. Nbd2 e5 9. O-O e4 10. Ne1 d5 11. c4 c6 12. Rc1 Qe6 13. cxd5 cxd5 14. Qb3 Nb6 15. a4 Bd7 16. a5 Na4 17. Qxb7 Rfc8 18. Nc2 Bf8 19. Qb3 Bd6 20. Bxd6 Qxd6 21.
Qb4 Qxb4 22. Nxb4 Nxb2 23. a6 Rab8 24. Na2 Na4 25. Rxc8+ Rxc8 26. Rc1 Rxc1+ 27. Nxc1 Nc3 28. Kf1 Kf8 29. Ndb3 Nxe2 30. Kxe2 Bb5+ 31. Kd2 Bxa6 32. g3 Ke7 33. h4 h5 34. Nc5 Bc4 35. Ne2 Nd7 36. Na4 Nb6 37. Nac3 Kd6 38. Nf4 a5 39. Kc1 a4 40. Kb2 Bf1 41. Ka3 Nc4+ 42. Kxa4 Nb2+ 43. Ka5 Bc4 44. Kb6 Nd3 45. Nh3 Nc1 46. Kb7 Nd3 47.
Kc8 Nc1 48. Kd8 Ke6 49. Nf4+ Kf6 50. Kc7 Nd3 51. Ncxd5+ Bxd5 52. Nxd5+ Ke6 53. Nc3 Nxf2 54. Kc6 Ng4 55. d5+ Ke7 56. Nxe4 Nxe3 57. d6+ Kd8 58. Nc5 Nf5 59. d7 f6 60. Nb7+ Ke7 61. d8=Q+ 1-0

[Event "*** SCC Grand Prix: Titled Tuesday Blitz"]
[Site "Chess.com"]
[Date "2020.10.13"]
[Round "5"]
[White "WonderChampion"]
[Black "norwaytoadog"]
[Result "0-1"]
[WhiteElo "2017"]
[BlackElo "2316"]
[TimeControl "180+1"]
[EndTime "10:57:03 PDT"]
[Termination "norwaytoadog won by resignation"]

1. d4 d5 2. Nf3 Nf6 3. e3 e6 4. Be2 Bd6 5. c4 b6 6. cxd5 exd5 7. O-O O-O 8. Nc3 a6 9. Qc2 Bb7 10. Re1 Re8 11. Bd3 Nbd7 12. b3 c5 13. dxc5 bxc5 14. Bb2 Rc8 15. Rad1 d4 16. exd4 Bxf3 17. Rxe8+ Qxe8 18. gxf3 cxd4 19. Bc4 dxc3 20. Bxc3 Qf8 21. Qf5 Rc5 22. Qd3 Be5 23. Bb4 a5 24. Bxc5 Qxc5 25. Qe2 g6 26. Re1 Bd6 27. a4 Qg5+ 28.
Kf1 Qh4 29. Qd3 Bb4 30. Rd1 Qxh2 31. Ke2 Qe5+ 32. Qe3 Qb2+ 33. Kf1 Qe5 34. Qxe5 Nxe5 35. Rd8+ Kg7 36. Ra8 Nxf3 37. Ra7 Ng5 38. f4 Nge4 39. Rxf7+ Kh6 40. Ra7 Kh5 41. Ke2 Kg4 42. Ke3 Kf5 43. Bd3 Bc5+ 44. Kf3 Bxa7 45. Bc2 Bc5 46. Bd3 h5 47.
Bc2 h4 48. Bd3 h3 49. Bf1 Bd6 50. Bg2 hxg2 51. Kxg2 Kxf4 52. Kf1 g5 53. Kg1 g4 54. Kf1 g3 55. Kg1 Bc5+ 56. Kg2 0-1

[Event "*** SCC Grand Prix: Titled Tuesday Blitz"]
[Site "Chess.com"]
[Date "2020.10.13"]
[Round "5"]
[White "ShcufNaiRolf"]
[Black "Gerodot71"]
[Result "0-1"]
[WhiteElo "2309"]
[BlackElo "2461"]
[TimeControl "180+1"]
[EndTime "10:57:04 PDT"]
[Termination "Gerodot71 won by resignation"]

1. e4 e5 2. Nf3 Nc6 3. Bb5 a6 4.
Ba4 Nf6 5. O-O Be7 6. Re1 b5 7. Bb3 d6 8. c3 O-O 9. h3 Nb8 10. d4 Nbd7 11. Nbd2 Bb7 12. Bc2 Re8 13. Nf1 Bf8 14. Bg5 h6 15. Bh4 g6 16. N3d2 Bg7 17.
Qf3 g5 18. Bg3 exd4 19. cxd4 c5 20. Bxd6 cxd4 21. Qf5 Nh7 22. e5 Nhf8 23. Ng3 d3 24.
Bb3 Ne6 25. Nh5 Ndf8 26. Ne4 Bxe4 27. Rxe4 Ra7 28. Rd1 Rd7 29. Rxd3 Kh8 30. Rg3 Qb6 31. h4 Qc6 32. Re1 Kg8 33. hxg5 hxg5 34. Nf6+ Bxf6 35.
Qxf6 Rxd6 36. exd6 Qxd6 37. Rxg5+ Nxg5 38. Qxd6 Rxe1+ 39. Kh2 Nge6 40. Qg3+ Kh7 41. f4 Re2 42. Bd1 Rxb2 43. Bc2+ Rxc2 44. Qd3+ Kg7 45. Qxc2 Nxf4 46. g3 N4e6 47.
Qc3+ Kg6 48. Qa5 Nd4 49. Qb6+ Nfe6 50. Qxa6 Kf5 51. Qa5 Kf6 52. Qc3 Ke7 53. Qb4+ Kd7 54. Kg2 Ke8 55. Qc5 Nxc5 56. Kf2 Nde6 57. Ke3 Kd7 58. g4 Kc6 0-1

[Event "*** SCC Grand Prix: Titled Tuesday Blitz"]
[Site "Chess.com"]
[Date "2020.10.13"]
[Round "5"]
[White "anon102030"]
[Black "AlexSuv"]
[Result "1-0"]
[WhiteElo "2734"]
[BlackElo "2533"]
[TimeControl "180+1"]
[EndTime "10:57:05 PDT"]
[Termination "anon102030 won by checkmate"]

1. e4 c5 2. Nc3 e6 3. g3 Nc6 4.
Bg2 g6 5. d3 Bg7 6. Be3 d6 7.
Nf3 Nd4 8. O-O Ne7 9. Nh4 O-O 10. Qd2 Rb8 11. f4 f5 12. Rae1 b5 13. Nd1 b4 14.
c3 bxc3 15. bxc3 Nb5 16. Nf3 Qc7 17. a4 Na3 18. Qa2 Nb1 19. Ng5 c4 20. exf5 Nxf5 21. Bf2 cxd3 22. Nxe6 Bxe6 23. Rxe6 Kh8 24. Qd5 d2 25. g4 Ne7 26. Qxd6 Qxd6 27. Rxd6 Rxf4 28. Bxa7 Rxf1+ 29. Bxf1 Ra8 30. Bc5 Ng8 31. Bb5 Nf6 32. Be3 Nxg4 33. Bxd2 Be5 34. Rd7 Bxh2+ 35. Kg2 Be5 36. Be1 Rf8 37. a5 Na3 38. Bd3 Nf6 39. Rb7 Rd8 40. Nf2 Nh5 41. Bd2 Bf4 42. Be1 Be3 43. Be2 Nf4+ 44. Kf3 Bxf2 45. Bxf2 g5 46. Bd4+ Kg8 47. a6 Nc2 48. Bc4+ Kf8 49. Bc5+ Ke8 50.
Bb5+ Rd7 51. Bxd7+ Kd8 52. Ba4 Ne1+ 53. Ke4 Ned3 54.
Bb6+ Kc8 55. Bc6 Nf2+ 56. Kf5 Ne6 57. a7 Ng7+ 58. Ke5 Ne4 59. a8=Q# 1-0

[Event "*** SCC Grand Prix: Titled Tuesday Blitz"]
[Site "Chess.com"]
[Date "2020.10.13"]
[Round "5"]
[White "WPWPWP-2015"]
[Black "Meri-Arabidze"]
[Result "1-0"]
[WhiteElo "2509"]
[BlackElo "2688"]
[TimeControl "180+1"]
[EndTime "10:57:06 PDT"]
[Termination "WPWPWP-2015 won on time"]

1. e4 c5 2. Nf3 e6 3. b3 Nc6 4. Bb5 Nge7 5. O-O a6 6. Bxc6 Nxc6 7. Bb2 d6 8. c4 e5 9. Nc3 Be7 10. Nd5 O-O 11. d3 f5 12. Nd2 f4 13. a3 a5 14.
Bc3 b6 15. b4 Be6 16. bxc5 bxc5 17. Rb1 Ra6 18. Qa4 Bxd5 19. cxd5 Nd4 20. Bxd4 exd4 21. Rb7 Bf6 22. Rfb1 Be5 23. f3 Ra8 24. Nc4 Qf6 25. Qd7 Rae8 26. Nxe5 Rxe5 27. R1b6 Rd8 28. Rb8 Ree8 29.
Qxe8+ Rxe8 30. Rxe8+ Kf7 31. Re6 Qh4 32. Rb1 g5 33.
Rxd6 g4 34. Ra6 Qe7 35. fxg4 f3 36. gxf3 h5 37. h3 hxg4 38. hxg4 Qc7 39. Kg2 c4 40. dxc4 d3 41. Rc6 Qe7 42. Rd1 d2 43. Rxd2 Qxa3 44.
Rf2 a4 45. Re6 Qb3 46. Ra6 a3 47. c5 Qd3 48. Ra5 Qc3 49. Ra7+ Kf6 50. c6 Ke5 51. c7 Kf4 52. Ra6 Ke3 53. Ra4 Qe1 54. Rxa3+ Kf4 55.
Ra1 Qc3 56. Raa2 1-0

[Event "*** SCC Grand Prix: Titled Tuesday Blitz"]
[Site "Chess.com"]
[Date "2020.10.13"]
[Round "5"]
[White "Ze-Pequeno"]
[Black "kingnb"]
[Result "0-1"]
[WhiteElo "2173"]
[BlackElo "2618"]
[TimeControl "180+1"]
[EndTime "10:57:10 PDT"]
[Termination "kingnb won on time"]

1. e4 d5 2. exd5 Nf6 3. Nf3 Nxd5 4. d4 Bf5 5. a3 e6 6. c4 Nf6 7. Nc3 c5 8. Be2 Be7 9. Be3 cxd4 10.
Nxd4 Bg6 11. Ndb5 O-O 12. Qxd8 Bxd8 13. Nd6 Nbd7 14. Nxb7 Be7 15. Na5 Rfc8 16. Bf3 Rab8 17. Nc6 Rxc6 18. Bxc6 Ne5 19. Bb5 Nd3+ 20. Ke2 a6 21.
Bxa6 Rxb2+ 22. Bd2 Nc5 23. Bb5 Bd3+ 24. Kd1 Nb3 25. Ra2 Bxa3 26. Rxb2 Bxb2 27. f3 Nd4 28.
Na4 Bc2+ 29. Ke1 Ba3 30. Nc3 Bc5 31. Ne2 Nf5 32. g3 h6 33. Rf1 Kf8 34. Rh1 Ke7 35.
Nc3 Nd4 36. Rf1 Bd3 37. Rh1 Nxf3+ 38. Kd1 Ne5 39. Bf4 Nxc4 40. Bxc4 Bxc4 41. Kc2 g5 42. Bd2 Nd5 43. Ra1 Nb4+ 44. Kd1 Nd5 45. Nxd5+ Bxd5 46. Ra5 Bg1 47. Bb4+ Kf6 48. h3 Kg6 49. Bd2 Bf2 50.
Be1 Bb6 51. Ra6 Bc7 52. Ra7 Be5 53. Ra3 Bg2 54. h4 Kh5 55. hxg5 hxg5 56. Ke2 Kg4 57. Kf2 Bd5 58. Ra4+ Kh5 59. Bd2 f5 60. Ra7 Kg4 0-1

[Event "*** SCC Grand Prix: Titled Tuesday Blitz"]
[Site "Chess.com"]
[Date "2020.10.13"]
[Round "5"]
[White "Jabberwockiez"]
[Black "kakakz"]
[Result "1-0"]
[WhiteElo "2235"]
[BlackElo "2358"]
[TimeControl "180+1"]
[EndTime "10:57:10 PDT"]
[Termination "Jabberwockiez won on time"]

1. e4 e6 2. d4 d5 3. Nc3 Bb4 4. exd5 exd5 5. Bd3 Nc6 6. a3 Bxc3+ 7. bxc3 Nge7 8. Qh5 Be6 9. Nf3 Qd7 10. Ng5 O-O-O 11. O-O g6 12. Qf3 f6 13. Nxe6 Qxe6 14. a4 Na5 15. Ba3 Nec6 16. Rfe1 Qf7 17. Rab1 Rhe8 18. Bb5 Rxe1+ 19. Rxe1 Re8 20. Re3 a6 21. Bf1 Nc4 22. Bxc4 dxc4 23. Qe2 Rxe3 24. Qxe3 Kd7 25. h3 Qd5 26. Qh6 Qf7 27. Bf8 Nd8 28. Ba3 Ne6 29. Qe3 Nd8 30. Qe4 Qe6 31. Qh4 h5 32. Qg3 g5 33. Qf3 c6 34. Qxh5 Qe1+ 35. Kh2 Qxf2 36. Qh7+ Kc8 37. Bd6 Ne6 38. Qe7 Qf5 39. Qe8+ Nd8 40.
Be7 Qf4+ 41. Kg1 Qc1+ 42. Kf2 Qf4+ 43. Ke2 Qe4+ 44. Kd1 Qd5 45. Bxd8 Qxd8 46. Qe6+ Kc7 47. Qxc4 Qd6 48. Qf7+ Kb6 49. c4 Qxd4+ 50. Kc1 Qf4+ 51. Kb1 Kc5 52. g4 Qxc4 53. Qxf6 Qb4+ 54. Kc1 Qxa4 55. Qxg5+ Kb6 56. Qe3+ c5 57. g5 Qb3 58. cxb3 1-0

[Event "*** SCC Grand Prix: Titled Tuesday Blitz"]
[Site "Chess.com"]
[Date "2020.10.13"]
[Round "5"]
[White "Larina_Marija"]
[Black "BanjoKazooieN64"]
[Result "1-0"]
[WhiteElo "2267"]
[BlackElo "2450"]
[TimeControl "180+1"]
[EndTime "10:57:12 PDT"]
[Termination "Larina_Marija won by resignation"]

1. e4 e5 2. Nf3 Nc6 3. Nc3 Nf6 4.
Bb5 Bb4 5. O-O O-O 6. d3 Nd4 7. Nxe5 Bxc3 8. bxc3 Nxb5 9. Bg5 d6 10. Nf3 Nxc3 11.
Qd2 Na4 12. Qf4 Nc5 13. Qh4 Ne6 14. Be3 Nd7 15. Qg3 Qf6 16. h4 Ne5 17. Ng5 h6 18. f4 hxg5 19. hxg5 Qg6 20. fxe5 dxe5 21. Qxe5 Bd7 22.
Rf2 f6 23. Qd5 Rad8 24. gxf6 Rxf6 25. Rxf6 Qxf6 26. Rf1 Qg6 27. Qxb7 Rf8 28. Rxf8+ Kxf8 29. Qxa7 Kg8 30. Qa8+ Kh7 31. Qd5 Bc8 32. a4 Nf8 33. Qd8 Qg3 34. Bf2 Qg4 35. Qh4+ Qxh4 36. Bxh4 Ne6 37.
Bf2 Kg6 38. Kf1 Kf7 39. Ke2 Ke8 40. Kd2 Kd7 41. d4 Nf4 42. g3 Ne6 43. Be3 Bb7 44.
d5 Nd8 45. c4 Nf7 46. c5 c6 47. d6 Ne5 48. Kc3 g6 49. Bf4 Ng4 50. Kb4 Nf6 51. e5 Ne4 52. Ka5 Nxc5 53. Kb6 Nxa4+ 54. Kxb7 c5 55. e6+ Kxe6 56. Kc6 Nb6 57. Kxb6 g5 58.
Kxc5 gxf4 59. gxf4 1-0

[Event "*** SCC Grand Prix: Titled Tuesday Blitz"]
[Site "Chess.com"]
[Date "2020.10.13"]
[Round "5"]
[White "zmeeed67"]
[Black "Roza_Idrisova"]
[Result "1-0"]
[WhiteElo "2352"]
[BlackElo "2161"]
[TimeControl "180+1"]
[EndTime "10:57:12 PDT"]
[Termination "zmeeed67 won on time"]

1. e4 c6 2. Nf3 d5 3. Nc3 a6 4. Be2 Bg4 5. h3 Bh5 6. O-O e6 7. d3 Nf6 8. Bg5 Be7 9. e5 Nfd7 10. Bf4 c5 11. Re1 Nc6 12. Nd2 Bxe2 13. Rxe2 O-O 14. Nf3 b5 15. Re1 b4 16. Nb1 a5 17. Nbd2 Nb6 18.
Nf1 d4 19. Ng3 Nd5 20. Bd2 Qd7 21. Ne4 a4 22. Qe2 a3 23. b3 Nc3 24. Qf1 Nxe4 25. Rxe4 Rae8 26. Rae1 Bd8 27. Rg4 Kh8 28. h4 Ne7 29. h5 Nf5 30. Rge4 h6 31. g4 Nh4 32. Nxh4 Bxh4 33. Qh3 Bd8 34. f4 f5 35.
exf6 Bxf6 36. g5 hxg5 37. fxg5 Bd8 38. Rxe6 Rxe6 39. Rxe6 Qf7 40. Re2 Bc7 41. h6 Kg8 42. hxg7 Qxg7 43. Qg2 Qf7 44. Rf2 Qxf2+ 45. Qxf2 Rxf2 46.
Kxf2 Kf7 47. Kf3 Ke6 48. Kg4 Be5 49. Bf4 Bg7 50. Bc7 Bh8 51. Kh5 Kf5 52. Bd8 Bg7 53.
Be7 Ke6 54. Bxc5 Kf5 55. Bxb4 Kf4 56. Bxa3 Ke3 57. Bc5 Kd2 58. Kg6 Be5 59. a4 Kxc2 60. Kf5 Bc7 61. g6 1-0

[Event "*** SCC Grand Prix: Titled Tuesday Blitz"]
[Site "Chess.com"]
[Date "2020.10.13"]
[Round "5"]
[White "bazar-wokzal"]
[Black "W_Amadeus"]
[Result "1/2-1/2"]
[WhiteElo "2515"]
[BlackElo "2702"]
[TimeControl "180+1"]
[EndTime "10:57:16 PDT"]
[Termination "Game drawn - insufficient material"]

1. e4 e5 2. Bc4 Nf6 3. d3 c6 4. Nf3 d5 5. Bb3 Bb4+ 6. c3 Bd6 7. Bg5 Be6 8. d4 dxe4 9. dxe5 exf3 10. Bxf6 gxf6 11.
exd6 fxg2 12. Rg1 Qd7 13. Rxg2 Na6 14. Qf3 Bxb3 15. axb3 O-O-O 16. Qxf6 Rhe8+ 17. Kf1 Re6 18. Qf3 Qxd6 19. Na3 Nc5 20. Nc4 Qd7 21. Rg7 Nxb3 22. Rxf7 Nd2+ 23. Kg2 Nxf3 24. Rxd7 Nh4+ 25. Kh3 Rxd7 26. Rxa7 Rh6 27. Nb6+ Kb8 28. Ra8+ Kc7 29. Nxd7 Kxd7 30. Kg4 Ng6 31. h3 Rh4+ 32. Kg3 Rf4 33. Rg8 Rf7 34. h4 Ke7 35. h5 Ne5 36. h6 Rf6 37. f4 Nf7 38. Rb8 Nd6 39. c4 Rxh6 40. b4 c5 41. bxc5 Ne4+ 42. Kg4 Nxc5 43. Rc8 Rc6 44.
Rh8 h6 45. Rh7+ Kf8 46. Kf5 Kg8 47. Re7 Nb3 48. Rxb7 Nd2 49. Rd7 Nxc4 50. Ke4 Nd6+ 51. Kd5 Ra6 52. Rxd6 Rxd6+ 53. Kxd6 h5 54. Ke5 Kf7 55. Ke4 Kf6 56. Kf3 Kf5 57. Kg3 h4+ 58. Kf3 h3 59. Kg3 h2 60. Kxh2 Kg4 61. Kg2 Kxf4 1/2-1/2

[Event "*** SCC Grand Prix: Titled Tuesday Blitz"]
[Site "Chess.com"]
[Date "2020.10.13"]
[Round "5"]
[White "JuliaEfremova"]
[Black "PrinceMurad09"]
[Result "1/2-1/2"]
[WhiteElo "2338"]
[BlackElo "2524"]
[TimeControl "180+1"]
[EndTime "10:57:20 PDT"]
[Termination "Game drawn - insufficient material"]

1. d4 Nf6 2. Bf4 c5 3. e3 b6 4.
Nf3 Bb7 5. h3 h6 6. c3 g5 7. Bh2 d6 8. Bd3 Nbd7 9. O-O Rg8 10. Nbd2 g4 11. hxg4 Nxg4 12. Bg3 e6 13. e4 Qf6 14.
Nh2 Nxh2 15. Kxh2 cxd4 16. cxd4 Qxd4 17. Nf3 Qxb2 18. Qa4 O-O-O 19. Ba6 Nc5 20. Bxb7+ Kxb7 21. Qc4 Qa3 22. Rfc1 Qa4 23. Qxa4 Nxa4 24. Rc4 Nc5 25. a4 a6 26. Rb1 Ka7 27. Rcb4 Nd7 28. Nd4 Rc8 29.
a5 b5 30. Nxb5+ axb5 31. Rxb5 Rb8 32. f3 Rxb5 33. Rxb5 Nc5 34. Rb6 Nb7 35. Rc6 Nxa5 36. Rc7+ Kb6 37. Rxf7 Nc6 38. Rf6 e5 39. Re6 Kc7 40.
Re8 Nd8 41. Bh4 Nf7 42. Be7 Nh8 43. Rxf8 Rxf8 44. Bxf8 Nf7 45. Bg7 Kd7 46. Bf6 Ke6 47.
Bh4 d5 48. exd5+ Kxd5 49. Kg3 Ke6 50. Kg4 Nd6 51. Kh5 Nf7 52. Bf2 Kf5 53. Be3 e4 54. fxe4+ Kxe4 55. Bxh6 Kf5 56. g4+ Kf6 57. Bf4 Kg7 58.
Be3 Kf6 59. Bd4+ Ke6 60. Kg6 Nd6 61. Kh7 Ne4 62. Be3 Kf7 63. Bd4 Ng5+ 64. Kh6 Ne6 65. g5 Nxd4 66. g6+ Kg8 67. g7 Nc6 68. Kg6 Nd8 69.
Kh6 Nf7+ 70. Kg6 Nd6 71. Kf6 Ne8+ 72. Ke6 Nxg7+ 1/2-1/2

[Event "*** SCC Grand Prix: Titled Tuesday Blitz"]
[Site "Chess.com"]
[Date "2020.10.13"]
[Round "5"]
[White "crazy_but_lazy"]
[Black "kreonx"]
[Result "0-1"]
[WhiteElo "2490"]
[BlackElo "2362"]
[TimeControl "180+1"]
[EndTime "10:57:20 PDT"]
[Termination "kreonx won by resignation"]

1. d4 d5 2. Bf4 e6 3. e3 Bd6 4. Bxd6 Qxd6 5. Nf3 Nd7 6. Nbd2 e5 7. dxe5 Nxe5 8. Nxe5 Qxe5 9. c3 Nf6 10. Nf3 Qe7 11.
Be2 O-O 12. O-O Bg4 13. Qb3 c6 14. h3 Bh5 15. a4 Ne4 16. a5 Bxf3 17. Bxf3 Nd2 18.
Qd1 Nxf1 19. Qxf1 a6 20. Ra4 f5 21. g3 Qc7 22. h4 Rae8 23. Qd3 Re7 24. Kg2 Rd8 25. Qxf5 Rf8 26. Qd3 Ref7 27. Rf4 Rxf4 28. exf4 Qxa5 29. c4 dxc4 30. Qxc4+ Kh8 31. h5 Qb6 32. b3 h6 33. Qe6 Qd8 34. Be4 Qf6 35. Qd7 Qf7 36. Qd3 Qxh5 37. Qd6 Qf7 38. f3 Re8 39. g4 Rf8 40. Kg3 a5 41. g5 hxg5 42. fxg5 Re8 43. Qd2 Kg8 44. Qxa5 Qe7 45. Kg4 Qe6+ 46.
Bf5 Qe5 47. Qd2 Kf8 48. b4 b6 49. Qd7 c5 50. b5 Qe7 51. Qd5 Rd8 52. Qb7 Qd6 53.
g6 Qd4+ 54. Kh5 Qd5 55. Qxd5 Rxd5 56. Kg5 Rxf5+ 57. Kxf5 Ke7 58. Ke5 c4 59. f4 c3 60.
f5 c2 61. f6+ gxf6+ 0-1

[Event "*** SCC Grand Prix: Titled Tuesday Blitz"]
[Site "Chess.com"]
[Date "2020.10.13"]
[Round "5"]
[White "Zhigalko_Sergei"]
[Black "Tooweak2slow03"]
[Result "1-0"]
[WhiteElo "2932"]
[BlackElo "2761"]
[TimeControl "180+1"]
[EndTime "10:57:21 PDT"]
[Termination "Zhigalko_Sergei won by resignation"]

1. e4 e6 2. d4 d5 3. e5 c5 4. c3 Bd7 5. Nf3 Qb6 6. Be2 Bb5 7. Bxb5+ Qxb5 8. a4 Qd7 9. O-O Nc6 10. dxc5 Bxc5 11.
Nbd2 a5 12. Nb3 Bb6 13. Re1 Nge7 14. Be3 Bxe3 15. Rxe3 Nf5 16. Rd3 Qc7 17. Qe2 O-O 18.
Re1 b6 19. h4 Nce7 20. Nbd4 Nxd4 21. Nxd4 Ng6 22. g3 Rac8 23. h5 Ne7 24. h6 gxh6 25. Qh5 Kh8 26. Rf3 Ng8 27. Rf4 Qd7 28. Re3 Qe8 29. Qd1 Kg7 30. Ref3 Qe7 31. Kg2 f6 32. exf6+ Nxf6 33. Qe2 Ne4 34. Rxf8 Rxf8 35. Rxf8 Kxf8 36. f3 Ng5 37. Qe5 Kf7 38. Qb8 e5 39. Nf5 Qf6 40. Qc7+ Kf8 41. Qc8+ Kf7 42. Qc7+ Kf8 43.
g4 e4 44. Qc8+ Kf7 45. Qc7+ Kf8 46. f4 Ne6 47. Qc8+ Kf7 48. Qd7+ Kf8 49. Kg3 h5 50. Qd6+ Kf7 51. Qd7+ Kf8 52. Qc8+ Kf7 53. Qb7+ Kf8 54.
Qxd5 h4+ 55. Kh2 Nxf4 56. Qa8+ Kf7 57. Qb7+ Kf8 58. Qb8+ Kf7 59. Qxf4 Ke6 60. Qd6+ Kf7 61. Qd7+ Kg6 62. Kh3 Qe5 63. Nxh4+ Kg5 64. Qxh7 e3 65.
Nf3+ 1-0

[Event "*** SCC Grand Prix: Titled Tuesday Blitz"]
[Site "Chess.com"]
[Date "2020.10.13"]
[Round "5"]
[White "aloe_normansen"]
[Black "AnnaChessLook"]
[Result "1-0"]
[WhiteElo "2361"]
[BlackElo "2217"]
[TimeControl "180+1"]
[EndTime "10:57:23 PDT"]
[Termination "aloe_normansen won on time"]

1. e4 c5 2. Nf3 Nc6 3. d4 cxd4 4. Nxd4 e5 5. Nb5 d6 6. c4 Be7 7.
N1c3 a6 8. Na3 f5 9. Bd3 f4 10. O-O Nf6 11. Nd5 O-O 12. Nc2 g5 13. f3 Be6 14. g4 fxg3 15. hxg3 h6 16. Kg2 Kg7 17.
Bd2 Rb8 18. Nce3 b5 19. cxb5 axb5 20. Rc1 Nd4 21. Bc3 Qd7 22. Bxd4 exd4 23. Nc2 Bxd5 24. exd5 Nxd5 25. Qd2 Bf6 26. Be4 Nb6 27. Nxd4 Nc4 28.
Rxc4 bxc4 29. Bf5 Qb7 30. Ne6+ Kh8 31. Qxd6 Qxb2+ 32. Kh3 Qe5 33. Qxe5 Bxe5 34. Nxf8 Rxf8 35. Be6 c3 36. Bb3 Rd8 37. Rd1 Rxd1 38. Bxd1 Kg7 39.
Kg4 Kg6 40. Bc2+ Kg7 41. f4 gxf4 42. gxf4 Bd4 43. a4 Kf6 44. Kh5 Be3 45. f5 Kg7 46. Kg4 Kf6 47. Kf3 Bc5 48. Kf4 Bd6+ 49. Kg4 Bc5 50. Kh5 Be3 51. Kg4 Ke5 52. Kh5 1-0